 Dungeon Crawl Stone Soup version 0.23.2-33-g5129a83184 (webtiles) character file.

Game seed: 2265690964247321554

119 kae the Chiller (level 5, -1/35 HPs)
             Began as a Merfolk Ice Elementalist on July 18, 2019.
             Slain by Grinder (6 damage)
             ... while paralysed by Grinder
             ... on level 2 of the Dungeon.
             The game lasted 00:03:56 (3224 turns).

kae the Chiller (Merfolk Ice Elementalist)          Turns: 3224, Time: 00:03:56

Health: -1/35      AC:  4    Str:  9    XL:     5   Next: 3%
Magic:  5/9        EV:  2    Int: 15    God:
Gold:   113        SH:  0    Dex: 14    Spells: 4/10 levels left

rFire    . . .     SeeInvis .   (no weapon)
rCold    . . .     Gourm    .   (no shield)
rNeg     . . .     Faith    +   a - +0 robe
rPois    .         Spirit   .   i - +1 helmet
rElec    .         Reflect  .   (no cloak)
rCorr    .         Harm     .   (no gloves)
MR       .....                  (no boots)
Stlth    ++........             h - amulet of faith (curse)
HPRegen  0.11/turn              (no ring)
MPRegen  0.11/turn              (no ring)

@: paralysed
A: change form in water, swift swim, stealthy swim
a: no special abilities


You were on level 2 of the Dungeon.
You were hungry.

You visited 1 branch of the dungeon, and saw 3 of its levels.

You collected 113 gold pieces.

Inventory:

Armour
 a - a +0 robe (worn)
 e - a cursed +0 chain mail
 i - a +1 helmet (worn)
Jewellery
 b - an uncursed amulet of the gourmand
 h - a cursed amulet of faith (around neck)
Wands
 l - a wand of digging (6)
 q - a wand of flame (13)
Scrolls
 d - a scroll of teleportation
 m - a scroll of enchant weapon {unknown}
 n - 2 scrolls of identify {unknown}
 o - a scroll of amnesia {unknown}
 p - 5 scrolls of remove curse {unknown}
 r - 2 scrolls of immolation {unknown}
 s - a scroll of random uselessness {unknown}
 t - a scroll of fear {unknown}
Potions
 k - a potion of heal wounds {unknown}
Comestibles
 c - 6 rations


   Skills:
 - Level 2.6 Dodging
 - Level 2.1 Stealth
 + Level 3.1 Spellcasting
 - Level 0.7 Conjurations
 * Level 5.3 Ice Magic


You had 4 spell levels left.
You knew the following spells:

 Your Spells              Type           Power        Failure   Level  Hunger
a - Freeze                Ice            ###.         2%          1    #......
b - Throw Frost           Conj/Ice       ##....       9%          2    ##.....
c - Ozocubu's Armour      Chrm/Ice       ##......     21%         3    ###....

Your spell library contained the following spells:

 Spells                   Type           Power        Failure   Level  Hunger
 Throw Icicle             Conj/Ice       ##......     50%         4    #####..
 Summon Ice Beast         Ice/Summ       ##......     54%         4    #####..


Dungeon Overview and Level Annotations

Branches:
Dungeon (3/15)

Altars:
Xom
The Shining One

Annotations:
D:2 Grinder


Message History

Aiming: Freeze (safe; 2% risk of failure)
Press: ? - help, Shift-Dir - straight line, f/p - Grinder
Aim: Grinder (lightly wounded) Grinder completely resists.
You freeze Grinder but do no damage. Grinder barely misses you.
Casting: Freeze (safe; 2% risk of failure)
Confirm with . or Enter, or press ? or * to list all spells.
Aiming: Freeze (safe; 2% risk of failure)
Press: ? - help, Shift-Dir - straight line, f/p - Grinder
Aim: Grinder (lightly wounded) Grinder resists.
You freeze Grinder.
Grinder is lightly wounded.
Grinder gestures at you.
You suddenly lose the ability to move!
You are feeling hungry.
Grinder says, "Mostly I couldn't keep them alive."
Grinder hits you.
* * * LOW HITPOINT WARNING * * *
You writhe in agony.
You die...

#################.....#
#.....................#
......................#####
.......)..............#...#
.....#############....#...#
.....# ##_###8####...##...######
.....##8...8...8###............#
.....##.........###............##
#....#8.........@#.............#.
#######........5##.............##
#...##8...8...8###............##
##...# ##_###8#####............##
.....#############.............'.
.......#.......................##
.......'.........................
...#####......#.(..##.#.#.#######
...# ##........#####.....#


You could see Grinder.

Vanquished Creatures
  Natasha (D:2)
  2 adders
  2 oozes (D:1)
  5 worms
  A dart slug (D:2)
  4 orcs
  3 bats
  2 giant cockroaches (D:1)
  8 hobgoblins
  A quokka (D:3)
  4 frilled lizards
  8 goblins
  5 kobolds
  4 rats
50 creatures vanquished.

Notes
Turn   | Place    | Note
-------+----------+-------------------------------------------
     0 | D:1      | kae the Merfolk Ice Elementalist began the quest for the
                  | Orb.
     0 | D:1      | Reached XP level 1. HP: 13/13 MP: 3/3
   139 | D:1      | Reached XP level 2. HP: 18/19 MP: 1/5
   548 | D:1      | Reached skill level 4 in Ice Magic
  1223 | D:2      | Reached XP level 3. HP: 24/24 MP: 3/6
  1231 | D:2      | Learned a level 2 spell: Throw Frost
  1235 | D:2      | Learned a level 3 spell: Ozocubu's Armour
  1248 | D:2      | Found a glowing golden altar of the Shining One.
  1285 | D:2      | Found a shimmering altar of Xom.
  2295 | D:2      | Reached XP level 4. HP: 30/30 MP: 5/8
  2652 | D:3      | Reached skill level 5 in Ice Magic
  2904 | D:3      | Noticed Natasha
  2944 | D:2      | Killed Natasha
  2944 | D:2      | Reached XP level 5. HP: 24/35 MP: 7/9
  3158 | D:3      | Noticed Grinder
  3223 | D:2      | Paralysed by Grinder for 6 turns
  3224 | D:2      | Slain by Grinder

Skill      XL: |  1  2  3  4 |
---------------+-------------+-----
Ice Magic      | 4 5 |  5.3
Spellcasting   | 3 |  3.1
Dodging        | |  2.6
Stealth        | |  2.1
Conjurations   | |  0.7

Action                   |  1- 3 |  4- 6 || total
-------------------------+-------+-------++-------
Melee: Unarmed           |    12 |    17 ||    29
 Cast: Freeze            |    61 |    38 ||    99
       Throw Frost       |     6 |       ||     6
  Use: Scroll            |     3 |     1 ||     4
       Potion            |       |     4 ||     4
  Eat: Chunk             |     5 |     3 ||     8
Armor: Robe              |    12 |    13 ||    25
Dodge: Dodged            |    55 |    38 ||    93
